 Dungeon Crawl Stone Soup version 0.30.0-30-g96aa6591b8 (webtiles) character file.

Game seed: 17792572503238536151

489 GeoRichter the Stinger (level 7, -3/41 HPs)
             Began as an Octopode Venom Mage on June 28, 2023.
             Slain by a phantom (6 damage)
             ... on level 4 of the Dungeon.
             The game lasted 00:10:06 (3668 turns).

GeoRichter the Stinger (Octopode Venom Mage)        Turns: 3668, Time: 00:10:07

Health: -3/41      AC:  1    Str: 13    XL:     7   Next: 14%
Magic:  10/12      EV: 13    Int: 19    God:
Gold:   212        SH:  0    Dex: 13    Spells: 6/13 levels left

rFire   . . .        (no weapon)
rCold   . . .        (no shield)
rNeg    . . .        (helmet restricted)
rPois   .            k - amulet of magic regeneration
rElec   .            n - +6 ring of strength
rCorr   .            (no ring)
SInv    .            (no ring)
Will    .....        (no ring)
Stlth   +++          (no ring)
HPRegen 0.26/turn    (no ring)
MPRegen 0.53/turn    (no ring)
                     (no ring)

%: no passive effects
@: hasted, very quick
A: almost no armour, amphibious, 8 rings, camouflage 1, gelatinous body 1,
(nimble swimmer 1), tentacles
a: no special abilities


You were on level 4 of the Dungeon.
You visited 1 branch of the dungeon, and saw 4 of its levels.
You also visited: Sewer.

You collected 212 gold pieces.

Inventory:

Missiles
 r - a throwing net {!f}
Jewellery
 b - an amulet of the acrobat
   (You found it on level 1 of the Dungeon)
 d - an amulet of faith {!P}
   (You found it on level 3 of the Dungeon)
 k - an amulet of magic regeneration (around mantle)
   (You found it on level 2 of the Dungeon)
 n - a +6 ring of strength (left tentacle)
   (You found it on level 2 of the Dungeon)
Wands
 p - a wand of flame (20)
   (You took it off Natasha on level 2 of the Dungeon)
Scrolls
 c - a scroll of immolation {unknown}
 e - 3 scrolls of fog
 g - 3 scrolls of fear
 i - a scroll of blinking {unknown}
 m - 2 scrolls of enchant weapon
 o - a scroll of teleportation {unknown}
 t - 2 scrolls of brand weapon
 w - a scroll of magic mapping {unknown}
Potions
 a - a potion of magic
 f - a potion of flight {unknown}
 h - 2 potions of attraction {!q}
 j - 2 potions of brilliance
 l - a potion of berserk rage
 q - a potion of lignification {!q}
 s - 2 potions of mutation {!q}


   Skills:
 - Level 2.0 Dodging
 - Level 2.6 Stealth
 + Level 3.8 Spellcasting
 - Level 2.0 Transmutations
 - Level 2.4 Air Magic
 * Level 7.3 Poison Magic


You had 6 spell levels left.
You knew the following spells:

 Your Spells              Type           Power      Damage    Failure   Level
a - Sting                 Tmut/Pois      84%        1d7       1%          1
b - Poisonous Vapours     Pois/Air       44%        N/A       2%          2
c - Olgreb's Toxic Radia  Pois           31%        N/A       7%          4

Your spell library contained the following spells:

 Spells                   Type           Power      Damage    Failure   Level
 Mephitic Cloud           Conj/Pois/Air  16%        N/A       11%         3
 Magic Dart               Conj           12%        1d3       14%         1
 Summon Small Mammal      Summ           12%        N/A       14%         1
 Searing Ray              Conj           6%         2d4       22%         2
 Call Canine Familiar     Summ           3%         N/A       38%         3
 Portal Projectile        Hex/Tloc       6%         N/A       38%         3
 Summon Guardian Golem    Hex/Summ       3%         N/A       38%         3
 Tukima's Dance           Hex            3%         N/A       38%         3
 Fulminant Prism          Conj/Hex       1%         3d5       80%         4
 Blade Hands              Tmut           5%         N/A       86%         5


Dungeon Overview and Level Annotations

Branches:
Dungeon (4/15) Zot: 20418   Sewer (visited)
 Temple: D:4-7

Altars:

Shops:
D:4 [

Annotations:
D:2 exclusion: kobold, Sigmund


Innate Abilities, Weirdness & Mutations

You cannot wear most types of armour.
You are amphibious.
You can wear up to eight rings at the same time.
Your skin changes colour to match your surroundings (Stealth+).
Your rubbery body absorbs attacks. (AC +1, EV +1)
((You are camouflaged when in or above water. (Stealth+)))
You have tentacles for arms and can constrict up to eight enemies at once.


Message History

The phantom barely misses you.
You miscast Sting.
You are very lightly contaminated with residual magic.
Nothing appears to happen.
The phantom hits you.
The sting hits the phantom.
The phantom partially resists.
The phantom is moderately damaged.
The phantom closely misses you.
The sting hits the phantom.
The phantom partially resists.
The phantom is moderately damaged.
The phantom completely misses you.
The sting hits the phantom.
The phantom partially resists.
The phantom is moderately damaged.
The phantom hits you.
The phantom blinks!
You blink.
The sting hits the phantom.
The phantom is heavily damaged.
The phantom hits you.
The phantom blinks!
You blink.
You closely miss the phantom. Your squeeze misses the phantom.
The phantom is heavily damaged.
The phantom hits you.
The phantom blinks!
You blink.
You tentacle-slap the phantom. You squeeze the phantom.
The phantom is severely damaged.
The phantom hits you.
* * * LOW HITPOINT WARNING * * *
Your magical contamination has completely faded away.
You are too injured to fight recklessly!
You barely miss the phantom.
The phantom is severely damaged.
The phantom hits you!
* * * LOW HITPOINT WARNING * * *
The phantom blinks!
You blink.
You tentacle-slap the phantom but do no damage.
The phantom is severely damaged.
The phantom hits you.
* * * LOW HITPOINT WARNING * * *
You closely miss the phantom. Your squeeze misses the phantom.
The phantom is severely damaged.
The phantom closely misses you.
Unknown command.
You miss the phantom.
The phantom is severely damaged.
The phantom closely misses you.
Unknown command.
You barely miss the phantom.
You squeeze the phantom, but do no damage.
The phantom is severely damaged.
The phantom hits you.
* * * LOW HITPOINT WARNING * * *
The phantom blinks!
You blink.
It was a potion of haste.
You feel yourself speed up. The phantom hits you.
You die...

############ #...........
##........... ### ##............
##.######<........##.#
###.§.W@..)÷........#)..
##..§#....##)........#...
#..###.....#.###..##.....
#.#####..## ####.........#..#...
#.......########...........##...
#..########.............^..##...
###### #)......(...............
.....#####.#.....................
####...##......###...........####


You could see a phantom.

Vanquished Creatures
  An ogre (D:4)
  A hound (D:4)
  A gnoll bouda (D:3)
  2 iguanas (D:4)
  Natasha (thrice) (D:2)
  A hell rat (Sewer)
  Robin (D:2)
  4 adders
  4 gnolls (D:3)
  2 river rats
  2 worms (D:3)
  2 dart slugs (D:1)
  7 orcs
  6 bats
  4 endoplasms
  3 giant cockroaches (D:1)
  13 goblins
  14 hobgoblins
  6 kobolds
  2 quokkas
  3 ball pythons
  3 frilled lizards
  12 rats
97 creatures vanquished.

Notes
Turn   | Place    | Note
-------+----------+-------------------------------------------
     0 | D:1      | GeoRichter the Octopode Venom Mage began the quest for the
                  | Orb.
     0 | D:1      | Reached XP level 1. HP: 11/11 MP: 3/3
   173 | D:1      | Reached XP level 2. HP: 17/17 MP: 1/5
   175 | D:1      | Reached skill level 4 in Poison Magic
   443 | D:1      | Learned a level 2 spell: Poisonous Vapours
   523 | D:1      | Reached XP level 3. HP: 21/21 MP: 2/6
   949 | D:2      | Noticed Sigmund
  1120 | D:2      | Noticed Robin
  1205 | D:2      | Killed Robin
  1613 | D:2      | Reached XP level 4. HP: 27/27 MP: 5/7
  1655 | D:2      | Noticed Natasha
  1663 | D:2      | Killed Natasha
  1664 | D:2      | Reached skill level 5 in Poison Magic
  1820 | D:2      | Reached XP level 5. HP: 24/31 MP: 9/9
  2035 | D:2      | Noticed Natasha
  2043 | D:2      | Killed Natasha
  2064 | D:2      | Noticed Natasha
  2076 | D:2      | Killed Natasha
  2077 | D:2      | Reached skill level 1 in Air Magic
  2427 | D:3      | Found a glowing drain.
  2447 | Sewer    | Entered a sewer
  2469 | Sewer    | Reached skill level 6 in Poison Magic
  2560 | D:3      | Reached XP level 6. HP: 36/36 MP: 6/10
  3342 | D:4      | Reached skill level 7 in Poison Magic
  3355 | D:4      | Learned a level 4 spell: Olgreb's Toxic Radiance
  3385 | D:4      | Found Heklier's Antique Armour Boutique.
  3399 | D:4      | Reached XP level 7. HP: 40/41 MP: 8/12
  3667 | D:4      | HP: 2/41 [phantom (4)]
  3668 | D:4      | Slain by a phantom

Illustrated notes

Levels and vault maps discovered:
D:1:      dpeg_arrival_shelter, layout_loops_ring, minmay_misc_feat_chi
D:2:      layout_basic, minmay_misc_feat_rows, minmay_randomly_rotated_circles,
          uniq_natasha, uniq_sigmund, uniq_robin
D:3:      layout_loops_ring, lightli_sewer_entry_pipes, nicolae_grassy_gnolls
D:4:      layout_rooms, serial_shops, nicolae_shop_tiny_glass

Skill      XL: |  1  2  3  4  5  6 |
---------------+-------------------+-----
Poison Magic   | 4 5 6 7 |  7.3
Transmutations | 2 |  2.0
Spellcasting   | 3 |  3.8
Air Magic      | 1 2 |  2.4
Dodging        | |  2.0
Stealth        | |  2.6

Action                     |  1- 3 |  4- 6 |  7- 9 || total
---------------------------+-------+-------+-------++-------
  Melee: Unarmed           |    25 |    18 |     9 ||    52
         Constrict         |    11 |     4 |     1 ||    16
         Tentacles         |     9 |     5 |     3 ||    17
         Punch             |       |     2 |       ||     2
   Cast: Sting             |    56 |   102 |    23 ||   181
         Poisonous Vapours |     2 |    26 |     1 ||    29
         Olgreb's Toxic Ra |       |       |     3 ||     3
    Use: Scroll            |       |     9 |       ||     9
         Potion            |       |     1 |     1 ||     2
   Stab: Sleeping          |       |     1 |       ||     1
 Armour: Skin              |     2 |     2 |     1 ||     5
  Dodge: Dodged            |    35 |    27 |     8 ||    70
